 Dungeon Crawl Stone Soup version 0.31-a0-121-g1e386dd289 (webtiles) character file.

Game seed: 13394671336872097982

129034 juan097 the Tortoise (level 17, -7/133 HPs)
             Began as a Formicid Fighter on May 31, 2023.
             Was the Champion of Makhleb.
             Mangled by a demonic crawler (12 damage)
             ... on level 2 of the Spider Nest.
             The game lasted 01:35:02 (26758 turns).

juan097 the Tortoise (Formicid Fighter)            Turns: 26758, Time: 01:35:03

Health: -7/133     AC: 29    Str: 31    XL:     17   Next: 60%
Magic:  26/26      EV: 13    Int: 14    God:    Makhleb [******]
Gold:   687        SH: 14    Dex: 16    Spells: 16/16 levels left

rFire   + . .        a - +5 demon whip (vamp)
rCold   + + .        K - +0 kite shield
rNeg    . . .        E - +5 chain mail {rC+}
rPois   +            (helmet unavailable)
rElec   .            y - +3 cloak of the Insatiable Queens {Int+3 Stlth+}
rCorr   +            s - +0 pair of gloves "Nets" {rPois}
SInv    +            X - +2 pair of boots of Xosuziawe {Regen+}
Will    +....        P - amulet of Jachul {Faith Drain rC+ Regen+}
Stlth   ++           Z - ring of protection from fire
HPRegen 2.02/turn    p - ring "Pyhir" {rCorr Str+3 Int+2 Dex+3 Slay+2, =R}
MPRegen 0.20/turn

%: faith
@: mighty
A: permanent stasis, dig shafts and tunnels, antennae 3, four strong arms
a: Dig, Shaft Self, Renounce Religion, Minor Destruction, Lesser Servant of
Makhleb, Major Destruction, Greater Servant of Makhleb


You were on level 2 of the Spider Nest.
You worshipped Makhleb.
Makhleb was exalted by your worship.
You visited 4 branches of the dungeon, and saw 25 of its levels.
You also visited: Trove and Gauntlet.

You collected 3280 gold pieces.
You spent 2593 gold pieces at shops.

Inventory:

Hand Weapons
 a - a +5 vampiric demon whip (weapon)
 b - the +8 shortbow of Mokhal {drain, Int+3}
   (You bought it in a shop on level 2 of the Orcish Mines)

   Int:       It affects your intelligence (+3).
 w - a +6 whip of venom
Missiles
 n - 4 throwing nets
 o - 47 poisoned darts (quivered)
 J - 2 curare-tipped darts
 N - 21 boomerangs
 O - 6 silver boomerangs
 T - 5 javelins
 V - 5 datura-tipped darts
Armour
 s - the +0 pair of gloves "Nets" (worn) {rPois}
   (You found it in a Gauntlet)

   rPois:     It protects you from poison.
 y - the +3 cloak of the Insatiable Queens (worn) {Int+3 Stlth+}
   (You found it on level 4 of the Lair of Beasts)

   Int:       It affects your intelligence (+3).
   Stlth:     It makes you more stealthy.
 E - a +5 chain mail of cold resistance (worn)
 K - a +0 kite shield (worn)
 X - the +2 pair of boots of Xosuziawe (worn) {Regen+}
   (You found it on level 10 of the Dungeon)

   Regen:     It increases your rate of health regeneration.
Jewellery
 p - the ring "Pyhir" (right hand) {rCorr Str+3 Int+2 Dex+3 Slay+2, =R}
   (You found it in a treasure trove)

   [ring of resist corrosion]

   Str:       It affects your strength (+3).
   Int:       It affects your intelligence (+2).
   Dex:       It affects your dexterity (+3).
   Slay:      It affects your accuracy & damage with ranged weapons and melee
   (+2).
   rCorr:     It protects you from acid and corrosion.
 P - the amulet of Jachul (around neck) {Faith Drain rC+ Regen+}
   (You found it on level 9 of the Dungeon)

   [amulet of faith]

   It allows you to gain divine favour quickly.
   rC:        It protects you from cold.
   Regen:     It increases your rate of health regeneration.
   Drain:     It drains your maximum health when unequipped.
 Y - a ring of willpower
 Z - a ring of protection from fire (left hand)
Wands
 c - a wand of digging (7)
 m - a wand of mindburst (12)
 z - a wand of roots (19)
 C - a wand of charming (13)
 D - a wand of flame (27)
 I - a wand of quicksilver (13)
Scrolls
 e - 8 scrolls of magic mapping
 j - 3 scrolls of fog
 l - 7 scrolls of poison
 v - 3 scrolls of butterflies
 F - 2 scrolls of brand weapon {unknown}
 H - 4 scrolls of enchant weapon
 L - 4 scrolls of enchant armour
 U - 6 scrolls of fear {unknown}
 W - a scroll of acquirement {unknown}
Potions
 d - 3 potions of might
 f - a potion of invisibility
 g - 5 potions of mutation {unknown}
 h - a potion of cancellation
 k - 3 potions of ambrosia
 q - 3 potions of enlightenment
 r - 4 potions of lignification {unknown}
 u - a potion of magic {unknown}
 A - 3 potions of resistance {unknown}
 B - 6 potions of curing
 G - 5 potions of heal wounds {unknown}
 M - 3 potions of attraction
 Q - 5 potions of degeneration {unknown}
Miscellaneous
 i - a phial of floods
 t - a phantom mirror
 x - a tin of tremorstones (2/2)
 R - a box of beasts
 S - a lightning rod (4/4)


   Skills:
 + Level 12.1 Fighting
 - Level 16.0 Maces & Flails
 - Level 6.0 Ranged Weapons
 - Level 4.0 Throwing
 - Level 17.0 Armour
 + Level 8.2 Dodging
 - Level 6.0 Stealth
 + Level 15.1 Shields
 + Level 12.2 Invocations
 + Level 8.2 Evocations


You had 16 spell levels left.
You didn't know any spells.
Your spell library contained the following spells:

 Spells                   Type           Power      Damage    Failure   Level
 Necrotise                Necr           0%         1d4       69%         1
 Shock                    Conj/Air       0%         1d3       69%         1
 Cigotuvi's Dreadful Rot  Necr/Pois/Air  0%         N/A       83%         2
 Lesser Beckoning         Tloc           0%         N/A       83%         2
 Poisonous Vapours        Pois/Air       0%         N/A       83%         2
 Scorch                   Fire           0%         2d5       83%         2
 Static Discharge         Conj/Air       0%         2-2/arc   83%         2
 Dazzling Flash           Conj/Hex       0%         N/A       96%         3
 Frozen Ramparts          Ice            0%         1d1       96%         3
 Gell's Gravitas          Tloc           0%         N/A       96%         3
 Hailstorm                Conj/Ice       0%         3d3       96%         3
 Ignite Poison            Fire/Tmut/Pois 0%         N/A       96%         3
 Mephitic Cloud           Conj/Pois/Air  0%         N/A       96%         3
 Stone Arrow              Conj/Erth      0%         3d7       96%         3
 Teleport Other           Tloc           0%         N/A       96%         3
 Volatile Blastmotes      Fire/Tloc      0%         2d10      96%         3
 Airstrike                Air            0%         2d(0-16)  100%        4
 Flame Wave               Conj/Fire      0%         2d4       100%        4
 Ice Form                 Ice/Tmut       0%         N/A       100%        4
 Iskenderun's Mystic Bla  Conj/Tloc      0%         2d3       100%        4
 Sticky Flame             Conj/Fire      0%         2d3       100%        4
 Summon Ice Beast         Ice/Summ       0%         N/A       100%        4
 Summon Lightning Spire   Summ/Air       0%         N/A       100%        4
 Alistair's Intoxication  Tmut/Pois      0%         N/A       100%        5
 Borgnjor's Vile Clutch   Necr/Erth      0%         N/A       100%        5
 Freezing Cloud           Conj/Ice/Air   0%         6-21      100%        5
 Dispersal                Tloc           0%         N/A       100%        6
 Eringya's Noxious Bog    Tmut/Pois      0%         N/A       100%        6
 Simulacrum               Ice/Necr       0%         N/A       100%        6
 Starburst                Conj/Fire      0%         6d3       100%        6
 Summon Cactus Giant      Summ           0%         N/A       100%        6
 Borgnjor's Revivificati  Necr           0%         N/A       100%        8
 Ignition                 Fire           0%         3d3       100%        8
 Lehudib's Crystal Spear  Conj/Erth      0%         10d2      100%        8
 Necromutation            Tmut/Necr      0%         N/A       100%        8
 Swiftness                Air            Unusable   N/A       N/A         3

Dungeon Overview and Level Annotations

Branches:
Dungeon (15/15)            Temple (0/1) D:5            Lair (5/5) D:11
  Swamp (0/4) Lair:3       Spider (3/4) Lair:2        Slime (0/5) Lair:4
    Orc (2/2) D:11            Elf (0/3) Orc:2        Vaults (0/5) D:13
 Depths (0/4) D:15        Gauntlet (visited)

Altars:
Ashenzari
Hepliaklqana
Kikubaaqudgha
Makhleb
Ru
Trog
Xom
Zin
The Shining One
Jiyva

Shops:
D:1 :   D:11 (   D:12 [   D:13 [   D:15 =:(   Orc:2 ([((=*:

Annotations:
D:2 Sigmund
D:12 1 runed translucent door, exclusion: orange crystal statue


Innate Abilities, Weirdness & Mutations

You cannot be hasted, slowed, berserked, paralysed or teleported.
You can dig through walls and to a lower floor.
You have a pair of large antennae on your head. (SInv)
Your four strong arms can wield two-handed weapons with a shield.


Message History

The demonic crawler is moderately wounded.
The wolf spider hits you!
* * * LOW HITPOINT WARNING * * *
The wolf spider bites you!
* * * LOW HITPOINT WARNING * * *
You block the demonic crawler's attack. The demonic crawler closely misses you.
The demonic crawler hits you.
* * * LOW HITPOINT WARNING * * *
You thrash the wolf spider!!
You feel better.
The wolf spider is severely wounded.
You block the wolf spider's attack. x2
Okay, then.
Okay, then.
Okay, then.
You feel better.
You block the demonic crawler's attack. x2
The demonic crawler hits you but does no damage.
The wolf spider misses you.
The wolf spider bites you but does no damage.
The demonic crawler hits you but does no damage.
The demonic crawler misses you. You block the demonic crawler's attack.
The wolf spider hits you!
* * * LOW HITPOINT WARNING * * *
The wolf spider bites you but does no damage.
You whack the wolf spider!
You feel better.
The wolf spider is almost dead.
You barely miss the wolf spider.
The wolf spider is almost dead.
The wolf spider barely misses you.
The wolf spider bites you but does no damage.
You block the demonic crawler's attack.
The demonic crawler hits you but does no damage.
The demonic crawler hits you.
* * * LOW HITPOINT WARNING * * *
You completely miss the wolf spider.
The wolf spider is almost dead.
You block the wolf spider's attack. The wolf spider closely misses you.
The demonic crawler hits you!
* * * LOW HITPOINT WARNING * * *
The demonic crawler hits you!
You die...

#### #............#.#
...######..........####
......####.#......###
.......# #...>...##.#
.......# #......##..#
.......# #.....##...#
......####..###....^##
.......#..).# #ss....#
......#.#..####.@....#
......###.####...?...#
.....#.######........##
.....#.# #..........#
....##.######.........#
..........###.........#
........^..###..^.....#
.........[..##........#
......................#


You could see a demonic crawler and a wolf spider.

Vanquished Creatures
  Jorgrun (D:12)
  Kirke (D:11)
  The ghost of HilariousDeathArtist the Blocker, an adept BaCK of Xom (Spider:2)
  An orc warlord (Orc:2)
  2 ghost moths (Spider:1)
  A broodmother (Spider:1)
  A demonspawn black sun (D:14)
  A minotaur (Gauntlet)
  A spark wasp (Spider:2)
  Snorg (D:11)
  A blizzard demon (Gauntlet)
  A fire dragon (D:14)
  3 entropy weavers
  5 hydras
  Josephine (Lair:3)
  A jorogumo (Spider:2)
  4 centaur warriors
  3 ogre magi
  6 boulder beetles
  4 catoblepae
  13 death yaks
  3 radroaches
  12 two-headed ogres
  A vampire mage (D:15)
  2 orc high priests (Orc:2)
  3 sun demons (D:14)
  A spectral emperor scorpion (Spider:2)
  2 skeletal warriors
  6 pharaoh ants
  A death drake (Gauntlet)
  A spark wasp zombie (D:15)
  2 bog bodies (Lair:3)
  A spectral jorogumo (Spider:2)
  A sphinx zombie (D:15)
  A necromancer (D:15)
  Pikel (D:4)
  A harpy (shapeshifter) (D:15)
  4 orc knights (Orc:2)
  3 orc sorcerers (Orc:2)
  5 cyclopes
  An iron dragon zombie (D:15)
  2 manticores (Lair:5)
  A fire giant zombie (D:15)
  13 wolf spiders
  2 moths of wrath (Spider:2)
  An ugly thing (D:13)
  6 elephants (Lair:5)
  2 demonic crawlers (Spider:1)
  2 centaur zombies (Gauntlet)
  2 black mambas
  5 torpor snails
  11 cane toads
  4 emperor scorpion simulacra (Spider:2)
  8 kobold demonologists
  2 efreet (D:14)
  Psyche (D:8)
  A rime drake (shapeshifter) (D:15)
  Maggie (D:9)
  2 rime drakes
  A spark wasp simulacrum (Spider:2)
  A ghost moth simulacrum (Spider:2)
  8 komodo dragons
  A freezing wraith (D:14)
  3 trolls
  A jorogumo simulacrum (Spider:2)
  3 meliai (Spider:1)
  2 hornets
  3 polar bears
  Grinder (D:4)
  19 tarantellas
  6 dream sheep
  2 slime creatures (Lair:3)
  26 blink frogs
  8 jumping spiders
  A centaur simulacrum (D:15)
  49 yaks
  16 culicivoras
  2 shadows (Gauntlet)
  5 fire bats (Lair:4)
  4 wraiths
  5 wyverns
  4 basilisks
  2 small abominations (D:14)
  2 hogs (D:12)
  3 steam dragons
  36 redbacks
  Menkaure (D:7)
  Edmund (D:5)
  A warg (Orc:2)
  An acid dragon (D:12)
  2 swamp worms (Lair:3)
  17 water moccasins
  32 orc warriors
  2 sky beasts (D:8)
  9 ogres
  20 wolves
  6 centaurs
  A phantom (D:5)
  2 lemures (D:4)
  8 kobold brigands
  8 bullfrogs
  6 scorpions
  A howler monkey (D:5)
  10 electric eels
  4 hounds
  A lava snake (Lair:5)
  An iron imp (D:7)
  5 jellies
  24 orc priests
  Crazy Yiuf (D:3)
  3 gnoll boudas
  3 sleepcaps
  An iguana (D:5)
  21 orc wizards
  A mummy (D:6)
  12 gnolls
  9 adders
  A shadow imp (D:7)
  4 white imps
  An ufetubus (D:5)
  A worm (D:4)
  A dart slug (D:4)
  68 orcs
  10 ball pythons
  An endoplasm (D:3)
  4 giant cockroaches
  8 goblins
  6 hobgoblins
  9 jackals
  5 quokkas
  4 bats
  3 frilled lizards
  2 goblin skeletons (D:7)
  2 goblin zombies (D:7)
  5 hobgoblin zombies
  48 kobolds
  2 kobold skeletons (D:7)
  2 kobold zombies
  2 orc zombies (D:6)
  10 rats
798 creatures vanquished.

Vanquished Creatures (collateral kills)
  Harold (D:9)
  A water moccasin (D:9)
  2 kobolds (D:6)
4 creatures vanquished.

Vanquished Creatures (others)
  An orc knight (Orc:2)
  A cane toad (Lair:3)
  A small abomination (D:14)
  An orc wizard (D:7)
  A fire vortex (Lair:4)
5 creatures vanquished.

Grand Total: 807 creatures vanquished

Notes
Turn   | Place    | Note
-------+----------+-------------------------------------------
     0 | D:1      | juan097 the Formicid Fighter began the quest for the Orb.
     0 | D:1      | Reached XP level 1. HP: 18/18 MP: 1/1
    89 | D:1      | Reached XP level 2. HP: 22/24 MP: 2/2
   160 | D:1      | Reached skill level 1 in Stealth
   328 | D:1      | Found Jaula's Book Shop.
   515 | D:1      | Reached XP level 3. HP: 29/29 MP: 3/3
   808 | D:2      | Reached XP level 4. HP: 23/35 MP: 4/4
  1208 | D:2      | Noticed Sigmund
  1320 | D:2      | Reached skill level 4 in Armour
  1320 | D:2      | Reached XP level 5. HP: 40/42 MP: 5/5
  1755 | D:3      | Found a glowing silver altar of Zin.
  1871 | D:3      | Found a runed translucent door.
  1872 | D:3      | Noticed Crazy Yiuf
  1880 | D:3      | Killed Crazy Yiuf
  1972 | D:3      | Found a burning altar of Makhleb.
  1989 | D:3      | Became a worshipper of Makhleb the Destroyer
  2221 | D:4      | Noticed Grinder
  2221 | D:4      | Noticed an ogre
  2243 | D:5      | Entered Level 5 of the Dungeon
  2250 | D:4      | Reached skill level 5 in Shields
  2250 | D:4      | Reached XP level 6. HP: 21/48 MP: 6/6
  2520 | D:4      | Killed an ogre
  2747 | D:4      | Reached XP level 7. HP: 55/55 MP: 7/7
  2765 | D:4      | Killed Grinder
  2766 | D:4      | Reached skill level 5 in Maces & Flails
  2834 | D:4      | Noticed Pikel
  2870 | D:4      | Killed Pikel
  2871 | D:4      | Reached XP level 8. HP: 57/64 MP: 8/8
  2931 | D:4      | Found a shimmering altar of Xom.
  2933 | D:4      | Found a sacrificial altar of Ru.
  3086 | D:5      | Reached * piety under Makhleb
  3189 | D:5      | Found a staircase to the Ecumenical Temple.
  3289 | D:5      | Noticed Edmund
  3303 | D:5      | Killed Edmund
  3304 | D:5      | Reached XP level 9. HP: 40/69 MP: 9/9
  3432 | D:5      | Reached skill level 1 in Throwing
  3432 | D:5      | Reached skill level 1 in Dodging
  4140 | D:5      | Reached skill level 5 in Stealth
  4783 | D:6      | Reached skill level 5 in Armour
  4861 | D:6      | Noticed a hornet
  4876 | D:6      | Killed a hornet
  4930 | D:6      | Reached XP level 10. HP: 77/77 MP: 10/10
  5176 | D:5      | Reached ** piety under Makhleb
  5807 | D:7      | Noticed Menkaure
  5815 | D:7      | Killed Menkaure
  6304 | D:7      | Found a glowing golden altar of the Shining One.
  6318 | D:7      | Reached skill level 6 in Armour
  6325 | D:7      | Reached *** piety under Makhleb
  6562 | D:8      | Noticed Psyche
  6572 | D:8      | Killed Psyche
  6573 | D:8      | Reached skill level 1 in Invocations
  6706 | D:8      | Reached skill level 1 in Evocations
  7350 | D:8      | Found an ancient bone altar of Kikubaaqudgha.
  7751 | D:8      | Found a hazy altar of Hepliaklqana.
  8080 | D:9      | Noticed Maggie
  8098 | D:9      | Killed Maggie
  8297 | D:9      | Identified the amulet of Jachul {Faith Drain rC+ Regen+}
  8410 | D:9      | Noticed Harold
  8423 | D:9      | Killed Harold
  8424 | D:9      | Reached skill level 5 in Invocations
  8424 | D:9      | Reached XP level 11. HP: 75/86 MP: 14/14
  8823 | D:9      | Noticed a two-headed ogre
  8833 | D:9      | Killed a two-headed ogre
  9058 | D:10     | Entered Level 10 of the Dungeon
  9106 | D:10     | Reached skill level 10 in Maces & Flails
  9258 | D:10     | Identified the +1 short sword "Anutuzoss" {venom, Will+}
  9272 | D:10     | Reached **** piety under Makhleb
  9323 | D:10     | Noticed a two-headed ogre
  9344 | D:10     | Killed a two-headed ogre
  9545 | D:10     | Found a bloodstained altar of Trog.
  9953 | D:10     | Identified the +2 pair of boots of Xosuziawe {Regen+}
 10324 | D:10     | Found a portal to a secret trove of treasure.
 10404 | Trove    | Entered a treasure trove
 10409 | Trove    | Found the +8 Wrath of Trog {antimagic, *Rage Rampage}
 10409 | Trove    | Found the Hermit's Pendant {Faith Invo=14 Evo=0 MP+5}
 10417 | Trove    | Identified the +0 war axe of Divine Gallantry {freeze,
                  | Int+3}
 10420 | Trove    | Identified the ring "Pyhir" {rCorr Str+3 Int+2 Dex+3
                  | Slay+2}
 10422 | Trove    | Identified the amulet "Enekokitt" {rN+++ Regen+ Str-2 Int-4
                  | Stlth+}
 10425 | Trove    | Got the Folio of Earthen Necromantic Deeds
 10426 | Trove    | Identified the scarf of Ashenzari's Vengeance {repulsion,
                  | rF+}
 10712 | D:11     | Found a staircase to the Orcish Mines.
 10798 | D:11     | Noticed a soul eater
 10832 | D:11     | Noticed a sixfirhy
 11058 | D:11     | Noticed Snorg
 11074 | D:11     | Killed Snorg
 11102 | D:11     | Noticed a boulder beetle
 11121 | D:11     | Killed a boulder beetle
 11122 | D:11     | Reached XP level 12. HP: 92/92 MP: 18/18
 11124 | D:11     | Found a staircase to the Lair.
 11401 | D:11     | Found Bobreaporr's Antique Weapon Shop.
 11409 | D:11     | Bought a runed sling for 126 gold pieces
 11457 | D:11     | Noticed a sixfirhy
 11473 | D:11     | Reached skill level 7 in Armour
 11496 | Lair:1   | Entered Level 1 of the Lair of Beasts
 11609 | Lair:1   | Reached skill level 8 in Armour
 11915 | Lair:1   | Reached skill level 9 in Armour
 12388 | Lair:1   | Reached skill level 10 in Armour
 12575 | Lair:1   | HP: 3/92 [cane toad (16)]
 12762 | Lair:2   | Found a hole to the Spider Nest.
 12763 | Lair:2   | Noticed a pharaoh ant
 12777 | Lair:2   | Killed a pharaoh ant
 12869 | Lair:2   | Reached XP level 13. HP: 94/95 MP: 19/19
 13026 | Lair:2   | Reached skill level 5 in Evocations
 13058 | Lair:2   | Noticed a five-headed hydra
 13080 | Lair:2   | Killed a five-headed hydra
 13081 | Lair:2   | Reached skill level 11 in Armour
 13544 | Lair:3   | Reached skill level 12 in Armour
 13549 | Lair:3   | Noticed an eight-headed hydra
 13564 | Lair:3   | Killed an eight-headed hydra
 13731 | Lair:3   | Found a staircase to the Swamp.
 13738 | Lair:3   | Reached skill level 10 in Fighting
 13780 | Lair:3   | Noticed an eight-headed hydra
 13791 | Lair:3   | Killed an eight-headed hydra
 14722 | Lair:3   | Reached XP level 14. HP: 52/111 MP: 20/20
 14886 | Lair:4   | Noticed Josephine
 14913 | Lair:3   | Killed Josephine
 14961 | Lair:3   | Reached skill level 5 in Dodging
 15024 | Lair:4   | Identified the +1 scale mail "Gerizo" {rF+ Str+3 Dex+2}
 15229 | Lair:4   | Reached skill level 13 in Armour
 15497 | Lair:4   | Reached ***** piety under Makhleb
 15790 | Lair:4   | Found a viscous altar of Jiyva.
 15796 | Lair:4   | Found a staircase to the Slime Pits.
 15806 | Lair:4   | Identified the +3 cloak of the Insatiable Queens {Int+3
                  | Stlth+}
 16111 | Lair:5   | Entered Level 5 of the Lair of Beasts
 16145 | Lair:5   | Identified the +4 ring mail of Undesirable Species {+Inv
                  | Dex+2}
 16431 | Lair:5   | Reached skill level 10 in Invocations
 16459 | Lair:5   | Got the Reference Book on the Plutonic Salamander
 16902 | Lair:5   | Reached skill level 15 in Maces & Flails
 17146 | Lair:5   | Reached XP level 15. HP: 120/120 MP: 22/22
 17535 | Orc:1    | Entered Level 1 of the Orcish Mines
 17707 | Orc:2    | Entered Level 2 of the Orcish Mines
 17777 | Orc:2    | Found Inkioceke's Book Shop.
 17846 | Orc:2    | Found a staircase to the Elven Halls.
 17914 | Orc:2    | Noticed an orc warlord
 17934 | Orc:2    | Reached ****** piety under Makhleb
 17956 | Orc:2    | Killed an orc warlord
 18135 | Orc:2    | Found Batotiot's General Store.
 18279 | Orc:2    | Found Qayverph's Weapon Emporium.
 18555 | Orc:2    | Found Eptosor's Antique Armour Boutique.
 18568 | Orc:2    | Found Zemyluogh's Weapon Shop.
 18597 | Orc:2    | Found Vuvuvememi's Antique Weapon Boutique.
 18611 | Orc:2    | Found Ikiweculau's Jewellery Boutique.
 18922 | Orc:2    | Bought a shiny chain mail for 202 gold pieces
 18972 | Orc:2    | Bought an embroidered cloak for 202 gold pieces
 18990 | Orc:2    | Bought a potion of attraction for 51 gold pieces
 18990 | Orc:2    | Bought 2 potions of cancellation for 272 gold pieces
 18990 | Orc:2    | Bought a scroll of enchant armour for 127 gold pieces
 19018 | Orc:2    | Bought the +8 shortbow of Mokhal {drain, Int+3} for 997
                  | gold pieces
 19034 | Orc:2    | Bought a ring of poison resistance for 280 gold pieces
 19064 | Orc:2    | Bought 2 throwing nets for 66 gold pieces
 19195 | D:12     | Noticed Kirke
 19195 | D:12     | Found a gate leading to a gauntlet.
 19195 | D:12     | Found a runed translucent door.
 19208 | D:12     | Noticed Jorgrun
 19225 | D:11     | Killed Kirke
 19226 | D:11     | Reached skill level 1 in Ranged Weapons
 19248 | D:12     | Killed Jorgrun
 19292 | Gauntlet | Entered a Gauntlet
 19292 | Gauntlet | Found a large runed translucent door.
 19292 | Gauntlet | Found a large runed translucent door.
 19292 | Gauntlet | Found a large runed translucent door.
 19292 | Gauntlet | Found a large runed translucent door.
 19292 | Gauntlet | Found a runed translucent door.
 19292 | Gauntlet | Found a large runed translucent door.
 19292 | Gauntlet | Found a large runed translucent door.
 19292 | Gauntlet | Found a transporter.
 19292 | Gauntlet | Found a transporter.
 19292 | Gauntlet | Found a large runed translucent door.
 19292 | Gauntlet | Found a large runed translucent door.
 19292 | Gauntlet | Found a runed translucent gate.
 19292 | Gauntlet | Found a runed translucent gate.
 19292 | Gauntlet | Found a transporter.
 19296 | Gauntlet | Found a transporter.
 19296 | Gauntlet | Found a transporter.
 19306 | Gauntlet | Found a transporter.
 19310 | Gauntlet | Found a transporter.
 19313 | Gauntlet | Noticed a quicksilver ooze
 19322 | Gauntlet | Found a transporter.
 19362 | Gauntlet | Found a transporter.
 19392 | Gauntlet | Found a runed translucent door.
 19393 | Gauntlet | Found a large runed translucent door.
 19393 | Gauntlet | Found a large runed translucent door.
 19393 | Gauntlet | Found a large runed translucent door.
 19393 | Gauntlet | Found a large runed translucent door.
 19394 | Gauntlet | Found a large runed translucent door.
 19394 | Gauntlet | Found a large runed translucent door.
 19395 | Gauntlet | Found a large runed translucent door.
 19395 | Gauntlet | Found a large runed translucent door.
 19404 | Gauntlet | Found a runed translucent gate.
 19420 | Gauntlet | Found a transporter.
 19424 | Gauntlet | Found a transporter.
 19436 | Gauntlet | Found a transporter.
 19619 | Gauntlet | Identified the +0 pair of gloves "Nets" {rPois}
 19699 | Gauntlet | Identified the ring "Zepoj" {Ice SInv Stlth+}
 19768 | Gauntlet | Identified the +0 leather armour of Refuge {Str+3 Dex+4}
 20236 | D:12     | Found Guetoes's Armour Shop.
 20673 | D:13     | Found a gate to the Vaults.
 20679 | D:13     | Found a broken altar of Ashenzari.
 20926 | D:13     | Found Nuemid's Antique Armour Emporium.
 20949 | D:13     | Reached XP level 16. HP: 127/127 MP: 25/25
 20970 | D:13     | Reached skill level 5 in Ranged Weapons
 21114 | D:13     | Bought a faintly glowing scale mail for 270 gold pieces
 21114 | D:13     | Identified the +0 scale mail of the Fife {rElec Dex+5
                  | Stlth-} (You bought it in a shop on level 13 of the
                  | Dungeon)
 22041 | D:14     | Reached skill level 10 in Shields
 22384 | D:14     | Got the Omnibus of The Black Sun
 22651 | D:15     | Entered Level 15 of the Dungeon
 22661 | D:15     | Found Ewesyloh's Distillery.
 22770 | D:15     | Found Jawnao's Jewellery Emporium.
 22882 | D:15     | Found a staircase to the Depths.
 22977 | D:15     | Found Kaho's Book Emporium.
 23214 | D:15     | Found Zamo Feg's Weapon Shoppe.
 23369 | D:15     | Reached skill level 14 in Armour
 23941 | Spider:1 | Entered Level 1 of the Spider Nest
 24075 | Spider:1 | Reached skill level 15 in Armour
 24602 | Spider:1 | Reached skill level 16 in Armour
 24772 | Spider:1 | Reached XP level 17. HP: 133/133 MP: 26/26
 25464 | Spider:2 | Reached skill level 15 in Shields
 25486 | Spider:2 | Found a runed translucent gate.
 25486 | Spider:2 | Found a runed translucent gate.
 25486 | Spider:2 | Found a runed translucent gate.
 25486 | Spider:2 | Noticed HilariousDeathArtist's ghost (adept BaCK)
 26207 | Spider:2 | Reached skill level 17 in Armour
 26253 | Spider:2 | Identified the +2 ring mail of Wiunazil {rC+ Dex+5}
 26629 | Spider:2 | Killed HilariousDeathArtist's ghost
 26671 | Spider:2 | Identified the +0 pair of gloves of Spite {Str+3}
 26753 | Spider:2 | HP: 2/133 [demonic crawler (6)]
 26758 | Spider:2 | HP: 5/133 [demonic crawler (13)]
 26758 | Spider:2 | Mangled by a demonic crawler

Illustrated notes

Levels and vault maps discovered:
D:1:      dpeg_arrival_three_bigger_balls, layout_basic, serial_shops,
          nicolae_shop_back_alley_shop, serial_bayou_pond_c
D:2:      layout_basic, uniq_sigmund
D:3:      layout_rooms, mainiacjoe_overflow_alcove_2,
          nicolae_overflow_crystal_walls, uniq_crazy_yiuf_cottage
D:4:      layout_basic, nicolae_overflow_hidden_temple, uniq_grinder, uniq_pikel
D:5:      cheibrodos_two_vegetables, layout_basic, minmay_temple_entry_wispy,
          uniq_edmund
D:6:      layout_rooms, minmay_mini_ossuary
D:7:      layout_basic, nicolae_tso_besieged_by_evil, serial_bayou_lagoon_a,
          uniq_menkaure
D:8:      layout_gridville, lemuel_doored_altar, general_overflow_altar,
          uniq_psyche
D:9:      layout_gridville, uniq_maggie, uniq_harold
D:10:     layout_basic, trog_book, nicolae_trove_entry_columns
D:11:     layout_gridville, lair_entry_dummy, orc_0_dummy, serial_shops, shop,
          uniq_snorg
D:12:     layout_rooms, gauntlet_entry_generic, serial_shops, shop,
          minmay_crystal_box, uniq_jorgrun, uniq_kirke
D:13:     layout_loops_ring, david_vaults_2, serial_shops,
          nicolae_inconvenience_store, special_room [special_room_orc],
          cheibrodos_ashenzari_chains
D:14:     dreamdust_black_sun_cult, layout_cave_pods
D:15:     gammafunk_depths_entry_grave, layout_basic, serial_shops,
          nicolae_shop_industrial_runoff, nicolae_shop_tiny_real_fake_doors,
          shop, nicolae_shop_tiny_statue_garden, dreamdust_wishing_well
Lair:1:   layout_regular_city
Lair:2:   layout_misc_corridors, nicolae_spider_entry_lesser_pyramids,
          beast_lair_carwin_3, infiniplex_staircase_pool_2, lemuel_fruit_tree,
          grunt_megastairs_3
Lair:3:   layout_roguey, nicolae_swamp_entry_splash_gauntlet,
          beast_lair_carwin_9, infiniplex_staircase_pool, grunt_megastairs_1
Lair:4:   layout_gridlike, minmay_slime_entry_pillars, uniq_josephine
Lair:5:   evilmike_catoblepas_cave, layout_gridlike
Spider:1: layout_spider_delve
Spider:2: layout_chambers, gammafunk_ghost_necromancy
Spider:3: layout_cave_pods, uniq_nikola
Orc:1:    layout_diamond_mine
Orc:2:    grunt_orc_cross, layout_caves, serial_shops, shop,
          nicolae_shop_tiny_waterfront, nicolae_shop_back_alley_shop, shop,
          basic_altar, guppyfry_orc_lava_fort

Skill      XL: |  1  2  3  4  5  6  7  8  9 10 11 12 13 14 15 16 17 |
---------------+----------------------------------------------------+-----
Stealth        | 1 2 3 4 5 6 |  6.0
Maces & Flails | 3 4 6 8 9 12 14 15 16 | 16.0
Armour         | 4 5 6 10 12 13 16 17 | 17.0
Fighting       | 4 6 8 10 11 12 | 12.1
Shields        | 5 6 7 13 15 | 15.1
Throwing       | 3 4 |  4.0
Dodging        | 2 4 6 8 |  8.2
Invocations    | 5 8 10 12 | 12.2
Evocations     | 3 4 8 |  8.2
Ranged Weapons | 4 6 |  6.0

Action                     |  1- 3 |  4- 6 |  7- 9 | 10-12 | 13-15 | 16-18 || total
---------------------------+-------+-------+-------+-------+-------+-------++-------
  Melee: Flail             |    96 |   146 |    25 |    77 |   640 |    80 ||  1064
         Whip              |       |       |   120 |   702 |   850 |    94 ||  1766
         Demon whip        |       |       |       |       |       |   778 ||   778
   Fire: Sling             |       |    67 |    31 |   204 |   221 |       ||   523
         Shortbow          |       |       |       |       |    27 |   125 ||   152
  Throw: Dart              |       |       |    18 |    25 |     9 |   122 ||   174
         Throwing net      |       |       |       |     1 |       |       ||     1
         Boomerang         |       |       |       |       |     3 |       ||     3
 Invoke: Lesser Servant of |       |       |       |     1 |       |     2 ||     3
         Major Destruction |       |       |       |       |     4 |       ||     4
Ability: Dig               |       |       |       |       |     5 |       ||     5
  Evoke: Wand              |       |       |    14 |     5 |     8 |     3 ||    30
         Phial of floods   |       |       |       |       |     1 |       ||     1
         Tin of tremorston |       |       |       |       |     1 |       ||     1
    Use: Scroll            |       |       |       |     8 |    10 |     2 ||    20
         Potion            |       |       |       |     3 |     6 |     3 ||    12
   Stab: Sleeping          |       |     1 |     1 |     3 |       |       ||     5
         Distracted        |       |       |       |     1 |       |       ||     1
         Held in net/web   |       |       |       |     1 |       |       ||     1
         Invisible         |       |       |       |       |     4 |       ||     4
 Armour: Scale mail        |    18 |       |       |       |   296 |       ||   314
         Ring mail         |    33 |    60 |    62 |   180 |   146 |       ||   481
         Chain mail        |       |       |       |       |   114 |   378 ||   492
  Dodge: Dodged            |    62 |    83 |    69 |   274 |   605 |   317 ||  1410
  Block: Buckler           |    23 |    26 |    28 |   143 |   318 |    54 ||   592
         Kite shield       |       |       |       |       |       |   331 ||   331

Table legend: (Time is in decaauts)
 A = Elapsed time spent in this place.
 B = Non-inter-level travel time spent in this place.
 C = Inter-level travel time spent in this place.
 D = Time resting spent in this place.
 E = Time spent auto-exploring this place.
 F = Levels seen in this place.
 G = Mean time per level.
                   A        B        C        D        E       F      G
               +--------+--------+--------+--------+--------+-----+--------+
         Total |  25640 |  23884 |   1756 |    757 |  16113 |  27 |  949.6 |
       Dungeon |  15408 |  14335 |   1073 |    708 |   9983 |  15 | 1027.2 |
          Lair |   5649 |   5296 |    353 |      9 |   3381 |   5 | 1129.8 |
   Spider Nest |   2503 |   2460 |     43 |      0 |   1738 |   3 |  834.3 |
  Orcish Mines |   1560 |   1274 |    286 |      0 |    780 |   2 |  780.0 |
         Trove |     54 |     54 |      0 |      0 |      5 |   1 |   54.0 |
      Gauntlet |    464 |    464 |      0 |     40 |    225 |   1 |  464.0 |
               +--------+--------+--------+--------+--------+-----+--------+

Top non-repeatable levels by time:
     D:5: 1774 daAuts
    D:10: 1537 daAuts
Spider:2: 1419 daAuts
     D:8: 1305 daAuts
  Lair:3: 1269 daAuts
  Lair:5: 1228 daAuts
   Orc:2: 1182 daAuts
    D:14: 1166 daAuts
     D:7: 1154 daAuts
  Lair:1: 1150 daAuts
  Lair:4: 1104 daAuts
     D:4: 1089 daAuts
    D:11: 1082 daAuts
Spider:1: 1073 daAuts
    D:13: 1042 daAuts
